 Dungeon Crawl Stone Soup version 0.30-a0-140-gd1020e658a (webtiles) character file.

Game seed: 7438999771064932001

305 qw the Shield-Bearer (level 6, -3/37 HPs)
             Began as a Gargoyle Fighter on Sept 24, 2022.
             Slain by an ogre
             ... wielding a +0 giant club
              (21 damage)
             ... on level 4 of the Dungeon.
             The game lasted 00:01:14 (2704 turns).

qw the Shield-Bearer (Gargoyle Fighter)             Turns: 2704, Time: 00:01:15

Health: -3/37      AC: 21    Str: 21    XL:     6   Next: 39%
Magic:  6/6        EV:  8    Int:  9    God:
Gold:   141        SH:  8    Dex:  9    Spells: 5/5 levels left

rFire   . . .      SeeInvis .    Y - +0 war axe (protect)
rCold   . . .      Faith    .    m - +0 kite shield
rNeg    + . .      Spirit   .    b - +0 scale mail
rPois   inf        Reflect  .    l - +1 helmet
rElec   +          Harm     .    j - +0 cloak
rCorr   .          Rampage  .    (no gloves)
Will    .....                    (no boots)
Stlth   ..........               (no amulet)
HPRegen 0.12/turn                (no ring)
MPRegen 0.10/turn                (no ring)

@: under a protective aura
A: sickness immunity, AC +4, negative energy resistance 1, electricity
resistance, torment resistance 1, petrification resistance
a: no special abilities


You were on level 4 of the Dungeon.
You visited 1 branch of the dungeon, and saw 4 of its levels.

You collected 141 gold pieces.


Innate Abilities, Weirdness & Mutations

You are immune to sickness and miasma.
Your stone body is resilient. (AC +4)
You are immune to poison.
You resist negative energy. (rN+)
You are resistant to electric shocks. (rElec)
You are resistant to unholy torment.
You are immune to petrification.


   Skills:
 + Level 3.4 Fighting
 - Level 5.0 Axes
 - Level 3.2 Armour
 - Level 5.0 Shields


You had 5 spell levels left.
You didn't know any spells.
Your spell library was empty.

Inventory:

Hand Weapons
 k - a +0 whip
 Y - a +0 war axe of protection (weapon)
Missiles
 f - 3 boomerangs (quivered)
Armour
 b - a +0 scale mail (worn)
 j - a +0 cloak (worn)
 l - a +1 helmet (worn)
 m - a +0 kite shield (worn)
Jewellery
 o - a ring of fire
Scrolls
 a - a scroll of identify
 c - a scroll of magic mapping {unknown}
Potions
 d - a potion of might
 g - a potion of heal wounds
 i - 2 potions of lignification
 n - a potion of curing

Dungeon Overview and Level Annotations

Branches:
Dungeon (4/15)
 Temple: D:4-7

Altars:
Hepliaklqana


Message History

The boomerang closely misses the ball python.
You slash the ball python!
Your weapon exudes an aura of protection.
You kill the ball python!
An adder comes into view.
Found a potion of curing.
You slash the adder!
Your weapon exudes an aura of protection.
You kill the adder!
An ogre comes into view. It is wielding a +0 giant club.
The ogre shouts!
Throw: 3 boomerangs
Press: ? - help, Q - select action Shift-Dir - straight line, f - ogre You throw a boomerang.
The boomerang hits the ogre.
The ogre is lightly wounded.
Throw: 3 boomerangs
Press: ? - help, Q - select action Shift-Dir - straight line, f/p - ogre You throw a boomerang.
The boomerang hits the ogre but does no damage.
The ogre is lightly wounded.
Throw: 3 boomerangs
Press: ? - help, Q - select action Shift-Dir - straight line, f/p - ogre You throw a boomerang.
The boomerang barely misses the ogre.
A jelly comes into view.
You closely miss the ogre.
The ogre is lightly wounded.
The ogre hits you with a +0 giant club!
You closely miss the ogre.
The ogre is lightly wounded.
You block the ogre's attack.
You hit the ogre.
Your weapon exudes an aura of protection.
The ogre is lightly wounded.
The ogre completely misses you.
You hit the ogre but do no damage.
The ogre is lightly wounded.
You slash the jelly!
Your hands burn!
The ogre hits you with a +0 giant club!!
Ouch! That really hurt!
You die...

........#
#.....#%.#
#.......#
#...#....#
.......
#...#....#
#...#..>.#
#...#.####
#...#.#
#...#.########
#.........
#.@....!..
##OJ......
#........
#........
#........
#........
#........
#........


You could see an ogre and a jelly.

Vanquished Creatures
  2 scorpions (D:4)
  An iguana (D:3)
  7 adders
  2 dart slugs
  4 orcs
  5 endoplasms
  5 giant cockroaches
  11 goblins
  4 hobgoblins
  9 jackals
  5 quokkas
  8 ball pythons
  8 bats
  2 frilled lizards
  9 kobolds
  4 rats
86 creatures vanquished.

Vanquished Creatures (others)
  A plant (D:2)
1 creature vanquished.

Grand Total: 87 creatures vanquished

Notes
Turn   | Place    | Note
-------+----------+-------------------------------------------
     0 | D:1      | qw the Gargoyle Fighter began the quest for the Orb.
     0 | D:1      | Reached XP level 1. HP: 14/14 MP: 1/1
     0 | D:1      | 0 ||| qw: Version: 0.1.0-9-gbc19398
     0 | D:1      | 0 ||| qw: Game counter: 37
     0 | D:1      | 0 ||| qw: Always use a shield: true
     0 | D:1      | 0 ||| qw: God list: Okawaru
     0 | D:1      | 0 ||| qw: Allow faded altars: false
     0 | D:1      | 0 ||| qw: Do Orc after D:15 true
     0 | D:1      | 0 ||| qw: Do second Lair branch before Depths: true
     0 | D:1      | 0 ||| qw: Lair rune preference: random
     0 | D:1      | 0 ||| qw: Plans: Normal, Zot:1-4, God:TSO, Crypt, Tomb,
                  | Pan, Slime:5, Hells, Abyss, Orb
     0 | D:1      | 0 ||| PLANNING D:1-11
   105 | D:1      | 105 ||| Stepping ~*~*~tactically~*~*~ (stealth).
   112 | D:1      | Reached XP level 2. HP: 18/19 MP: 2/2
   137 | D:1      | 137 ||| DROPPING +0 club.
   356 | D:1      | Reached skill level 3 in Axes
   453 | D:1      | Reached XP level 3. HP: 23/23 MP: 3/3
   503 | D:1      | 503 ||| Stepping ~*~*~tactically~*~*~ (stealth).
   505 | D:1      | 505 ||| Stepping ~*~*~tactically~*~*~ (hiding).
   656 | D:1      | 656 ||| DROPPING orb of light.
   657 | D:1      | 657 ||| DROPPING +3 leather armour of poison resistance.
   658 | D:1      | 658 ||| UPGRADING to +0 helmet.
   663 | D:1      | 663 ||| UPGRADING to +0 kite shield.
   673 | D:1      | 673 ||| DROPPING +0 buckler.
   674 | D:1      | 674 ||| READING 2 scrolls labelled OXU DAOVODGHASY.
   675 | D:1      | 675 ||| READING 2 scrolls labelled GELO VACHUFO.
   676 | D:1      | 676 ||| READING scroll labelled KIME RONNEFE.
   677 | D:1      | 677 ||| READING scroll labelled CUVALE CIBREMU.
   678 | D:1      | 678 ||| DROPPING scroll of noise.
   773 | D:2      | 773 ||| Stepping ~*~*~tactically~*~*~ (stealth).
   828 | D:2      | Found a hazy altar of Hepliaklqana.
   916 | D:2      | Reached XP level 4. HP: 26/28 MP: 4/4
   942 | D:2      | 942 ||| Stepping ~*~*~tactically~*~*~ (stealth).
   954 | D:2      | 954 ||| Stepping ~*~*~tactically~*~*~ (stealth).
  1142 | D:2      | 1142 ||| FLEEEEING.
  1143 | D:2      | 1143 ||| FLEEEEING.
  1144 | D:2      | 1144 ||| FLEEEEING.
  1145 | D:2      | 1145 ||| FLEEEEING.
  1146 | D:2      | 1146 ||| FLEEEEING.
  1147 | D:2      | 1147 ||| FLEEEEING.
  1621 | D:2      | 1621 ||| READING scroll of enchant armour.
  1621 | D:2      | 1621 ||| ENCHANTING +0 helmet.
  1679 | D:2      | 1679 ||| UPGRADING to +0 cloak.
  1684 | D:2      | 1684 ||| READING scroll labelled DESU JACWIK.
  1685 | D:2      | 1685 ||| READING scroll labelled FOFUGA JIGGO.
  1686 | D:2      | 1686 ||| DRINKING 2 black potions.
  1687 | D:2      | 1687 ||| DROPPING potion of brilliance.
  1762 | D:3      | Reached XP level 5. HP: 31/32 MP: 5/5
  1796 | D:3      | 1796 ||| Stepping ~*~*~tactically~*~*~ (stealth).
  1802 | D:3      | 1802 ||| Stepping ~*~*~tactically~*~*~ (stealth).
  1804 | D:3      | 1804 ||| Stepping ~*~*~tactically~*~*~ (stealth).
  2451 | D:3      | 2451 ||| DROPPING ring of wizardry.
  2452 | D:3      | 2452 ||| DRINKING 2 bubbling green potions.
  2453 | D:3      | 2453 ||| DRINKING 3 bubbling golden potions.
  2507 | D:3      | 2507 ||| READING 2 scrolls of identify.
  2507 | D:3      | 2507 ||| IDENTIFYING murky blue potion
  2557 | D:4      | 2557 ||| Stepping ~*~*~tactically~*~*~ (stealth).
  2558 | D:4      | 2558 ||| Stepping ~*~*~tactically~*~*~ (stealth).
  2565 | D:4      | 2565 ||| FLEEEEING.
  2566 | D:4      | 2566 ||| FLEEEEING.
  2567 | D:4      | 2567 ||| FLEEEEING.
  2568 | D:4      | 2568 ||| FLEEEEING.
  2569 | D:4      | 2569 ||| FLEEEEING.
  2572 | D:4      | 2572 ||| FLEEEEING.
  2573 | D:4      | 2573 ||| FLEEEEING.
  2574 | D:4      | 2574 ||| FLEEEEING.
  2575 | D:4      | 2575 ||| FLEEEEING.
  2576 | D:4      | 2576 ||| FLEEEEING.
  2577 | D:4      | 2577 ||| FLEEEEING.
  2578 | D:4      | 2578 ||| FLEEEEING.
  2579 | D:4      | 2579 ||| FLEEEEING.
  2582 | D:4      | 2582 ||| STAIRDANCE
  2620 | D:3      | 2620 ||| READING scroll labelled MAFIFYMIBUU.
  2638 | D:4      | Reached XP level 6. HP: 37/37 MP: 6/6
  2704 | D:4      | Slain by an ogre

Levels and vault maps discovered:
D:1:      matt_arrival_diagonals, layout_rooms
D:2:      layout_basic, basic_altar, serial_bayou_pond_b, minmay_heptomino_o4
D:3:      layout_basic
D:4:      layout_basic, uniq_crazy_yiuf_cottage

Skill      XL: |  1  2  3  4  5  6 |
---------------+-------------------+-----
Axes           | 2 3 4 5 |  5.0
Shields        | 4 5 |  5.0
Fighting       | |  3.4
Armour         | |  3.2

Action                   |  1- 3 |  4- 6 || total
-------------------------+-------+-------++-------
Melee: War axe           |    83 |   137 ||   220
Throw: Boomerang         |       |    39 ||    39
  Use: Scroll            |     4 |     5 ||     9
       Potion            |       |     3 ||     3
Armor: Scale mail        |    40 |    77 ||   117
Dodge: Dodged            |    50 |    54 ||   104
Block: Buckler           |    14 |       ||    14
       Kite shield       |    22 |    62 ||    84

Table legend:
 A = Non-vault XP
 B = Vault XP
 C = Vault XP percentage of total XP
 D = Non-vault monster count
 E = Vault monster count
 F = Vault count percentage of total count
                 A         B        C        D         E       F
            +---------+---------+-------+---------+---------+-------
      Total |     415 |      21 |   4.8 |      79 |       7 |   8.1
            +---------+---------+-------+---------+---------+-------
        D:1 |      45 |       0 |   0.0 |      25 |       0 |   0.0
        D:2 |      96 |      21 |  17.9 |      29 |       7 |  19.4
        D:3 |      81 |       0 |   0.0 |      17 |       0 |   0.0
        D:4 |     193 |       0 |   0.0 |       8 |       0 |   0.0
            +---------+---------+-------+---------+---------+-------
